3A
KINGSTON MANGOS @ COLUMBIA RIVER RATS
08/21/2042
 
TOP OF THE 1ST
Kingston Mangos batting - Pitching for Columbia River Rats : RHP Ramón Rodríguez
Pitching: RHP Ramón Rodríguez
Batting: RHB George Lewis 0-0: Ball
1-0: Called Strike
1-1: Ball
2-1: Ball
3-1: Swinging Strike
3-2: Strikes out swinging
Batting: RHB Banu Judham 0-0: Called Strike
0-1: Foul Ball, location: 2F
0-2: Ball
1-2: Strikes out swinging
Batting: LHB Pikup Andropov 0-0: Foul Ball, location: 2F
0-1: Foul Ball, location: 2F
0-2: Ball
1-2: Ball
2-2: Ball
3-2: Base on Balls
Batting: SHB Miguel Lajara 0-0: Foul Ball, location: 2F
0-1: Foul Ball, location: 2F
0-2: Ball
1-2: Foul Ball, location: 2F
1-2: Fly out, F7 (Flyball, 7LS, EV 71.9 MPH)
Top of the 1st over - 0 runs, 0 hits, 0 errors, 1 left on base; Kingston 0 - Columbia 0
BOTTOM OF THE 1ST
Columbia River Rats batting - Pitching for Kingston Mangos : RHP Vicente Castro
Pitching: RHP Vicente Castro
Batting: RHB Jesús Bonilla 0-0: Called Strike
0-1: Swinging Strike
0-2: Ball
1-2: Foul Ball, location: 2F
1-2: Fly out, F8 (Line Drive, 8RM, EV 93.1 MPH)
Batting: RHB Robbie Clark 0-0: Foul Ball, location: 2F
0-1: Ball
1-1: Called Strike
1-2: SINGLE (Groundball, 34D, EV 94.4 MPH)
Batting: LHB Amani Marwan 0-0: Ball
1-0: Called Strike
1-1: Foul Ball, location: 2F
1-2: Strikes out swinging
Batting: RHB Guillermo Alemán 0-0: Ball
1-0: SINGLE (Line Drive, 3D, EV 95.6 MPH)
Robbie Clark to second
Runner from 2nd tries for 3rd, SAFE, throw by RF made to third
Batting: LHB Puck Broekhuizen 0-0: Ball
1-0: Swinging Strike
1-1: Fly out, F7 (Line Drive, 7, EV 94.4 MPH)
Bottom of the 1st over - 0 runs, 2 hits, 0 errors, 2 left on base; Kingston 0 - Columbia 0
TOP OF THE 2ND
Kingston Mangos batting - Pitching for Columbia River Rats : RHP Ramón Rodríguez
Batting: RHB Harald Tijl 0-0: SINGLE (Line Drive, 7S, EV 105.6 MPH)
Batting: LHB Dong-min Ch'oe 0-0: DOUBLE (Line Drive, 3D, EV 100.6 MPH)
Harald Tijl to third
Batting: LHB Rodger Parsons 0-0: Ball
1-0: Swinging Strike
1-1: Ball
2-1: Ball
3-1: Foul Ball, location: 2F
3-2: Foul Ball, location: 2F
3-2: Base on Balls
Batting: LHB Sergio Rivera 0-0: Called Strike
0-1: Foul Ball, location: 2F
0-2: Ball
1-2: Ball
2-2: Ball
3-2: Foul Ball, location: 2F
3-2: Strikes out swinging
Batting: RHB Kung Wa 0-0: Ball
1-0: Called Strike
1-1: SINGLE (Line Drive, 6MD, EV 111.9 MPH)
Harald Tijl scores
Dong-min Ch'oe to third
Rodger Parsons to second
Batting: RHB George Lewis 0-0: Called Strike
0-1: Foul Ball, location: 2F
0-2: Ball
1-2: Ball
2-2: SINGLE (Groundball, 4MD, EV 111.2 MPH)
Dong-min Ch'oe scores
Rodger Parsons to third
Kung Wa to second
Runner from 3rd tries for Home, SAFE, no throw by CF
Batting: RHB Banu Judham 0-0: Called Strike
0-1: Ball
1-1: Ball
2-1: Fielders Choice at 2nd, 1-6 (Groundball, 13S, EV 76.2 MPH)
Kung Wa to third
Batting: LHB Pikup Andropov 0-0: Ball
1-0: Ball
2-0: Ball
3-0: Called Strike
3-1: Fly out, F2 (Popup, 25F, EV 79.4 MPH)
Top of the 2nd over - 3 runs, 4 hits, 0 errors, 2 left on base; Kingston 3 - Columbia 0
BOTTOM OF THE 2ND
Columbia River Rats batting - Pitching for Kingston Mangos : RHP Vicente Castro
Batting: RHB Gregor Lennox 0-0: Ball
1-0: Swinging Strike
1-1: Swinging Strike
1-2: Ball
2-2: Ball
3-2: Foul Ball, location: 2F
3-2: Base on Balls
Batting: RHB Wu-ji Hsia 0-0: Ball
1-0: Ball
2-0: Ball
3-0: Called Strike
3-1: Fly out, F9 (Flyball, 89M, EV 90.0 MPH)
Batting: SHB George McMahon 0-0: Called Strike
0-1: Ball
1-1: Foul Ball, location: 2F
1-2: Ball
2-2: Ball
3-2: Foul Ball, location: 2F
3-2: SINGLE (Groundball, 4D, EV 96.2 MPH)
Gregor Lennox to second
Runner from 2nd tries for 3rd, SAFE, throw by CF made to third
Batting: RHB Fernando Castro 0-0: Called Strike
0-1: Called Strike
0-2: Strikes out looking
Batting: RHB Jesús Bonilla 0-0: Called Strike
0-1: Called Strike
0-2: Ball
1-2: Ball
2-2: SINGLE (Groundball, 6MD, EV 104.4 MPH)
Gregor Lennox scores
George McMahon to second
Runner from 2nd tries for 3rd, SAFE after rundown.
Batting: RHB Robbie Clark 0-0: Ground out 1-3 (Groundball, 25, EV 78.8 MPH)
Bottom of the 2nd over - 1 run, 2 hits, 0 errors, 2 left on base; Kingston 3 - Columbia 1
TOP OF THE 3RD
Kingston Mangos batting - Pitching for Columbia River Rats : RHP Ramón Rodríguez
Batting: SHB Miguel Lajara 0-0: Fly out, F7 (Flyball, 7LS, EV 75.6 MPH)
Batting: RHB Harald Tijl 0-0: Ball
1-0: Foul Ball, location: 2F
1-1: Foul Ball, location: 2F
1-2: Foul Ball, location: 2F
1-2: Ball
2-2: Foul Ball, location: 2F
2-2: Foul Ball, location: 2F
2-2: Ball
3-2: DOUBLE (Line Drive, 9LM, EV 98.8 MPH)
Batting: LHB Dong-min Ch'oe 0-0: Foul Ball, location: 2F
0-1: DOUBLE (Flyball, 89D, EV 92.5 MPH)
Harald Tijl scores
Batting: LHB Rodger Parsons 0-0: Called Strike
0-1: Ball
1-1: SINGLE (Groundball, 6D, EV 103.8 MPH)
Dong-min Ch'oe to third
Runner from 3rd tries for Home, SAFE, throw by LF to home
Batting: LHB Sergio Rivera 0-0: Ball
1-0: Hit by Pitch
Rodger Parsons to second
Batting: RHB Kung Wa 0-0: Called Strike
0-1: Swinging Strike
0-2: Strikes out looking
Batting: RHB George Lewis 0-0: Called Strike
0-1: Foul Ball, location: 2F
0-2: Ball
1-2: Strikes out swinging
Top of the 3rd over - 2 runs, 3 hits, 0 errors, 2 left on base; Kingston 5 - Columbia 1
BOTTOM OF THE 3RD
Columbia River Rats batting - Pitching for Kingston Mangos : RHP Vicente Castro
Batting: LHB Amani Marwan 0-0: Ball
1-0: Called Strike
1-1: Called Strike
1-2: Ball
2-2: Ball
3-2: Strikes out swinging
Batting: RHB Guillermo Alemán 0-0: Fly out, F8 (Flyball, 8LS, EV 84.4 MPH)
Batting: LHB Puck Broekhuizen 0-0: DOUBLE (Line Drive, 78XD, EV 101.9 MPH)
Batting: RHB Gregor Lennox 0-0: Ball
1-0: Called Strike
1-1: Called Strike
1-2: Strikes out looking
Bottom of the 3rd over - 0 runs, 1 hit, 0 errors, 1 left on base; Kingston 5 - Columbia 1
TOP OF THE 4TH
Kingston Mangos batting - Pitching for Columbia River Rats : RHP Ramón Rodríguez
Batting: RHB Banu Judham 0-0: Ground out U3 (Groundball, 34, EV 85.6 MPH)
Batting: LHB Pikup Andropov 0-0: Ball
1-0: SOLO HOME RUN (Flyball, 9D, EV 106.2 MPH), Distance : 373 ft
Pitching: RHP Rijk Blok
Batting: SHB Miguel Lajara 0-0: Ball
1-0: Ball
2-0: Ball
3-0: Base on Balls
Batting: RHB Harald Tijl 0-0: Foul Ball, location: 2F
0-1: Ball
1-1: Called Strike
1-2: Ball
2-2: Strikes out swinging
Batting: LHB Dong-min Ch'oe 0-0: Ball
1-0: Called Strike
1-1: Ground out 4-3 (Groundball, 4S, EV 80.0 MPH)
Top of the 4th over - 1 run, 1 hit, 0 errors, 1 left on base; Kingston 6 - Columbia 1
BOTTOM OF THE 4TH
Columbia River Rats batting - Pitching for Kingston Mangos : RHP Vicente Castro
Batting: RHB Wu-ji Hsia 0-0: Foul Ball, location: 2F
0-1: Ball
1-1: Ball
2-1: Foul Ball, location: 2F
2-2: Ball
3-2: Foul Ball, location: 2F
3-2: Base on Balls
Batting: SHB George McMahon 0-0: Ball
1-0: Ball
2-0: Ball
3-0: Base on Balls
Wu-ji Hsia to second
Batting: RHB Fernando Castro 0-0: Ball
Passed Ball!
Wu-ji Hsia to third
George McMahon to second
1-0: Fly out, F7 (Flyball, 78M, EV 76.2 MPH)
Batting: RHB Jesús Bonilla 0-0: Ball
1-0: Ball
2-0: Fly out, F8 (Flyball, 89M, EV 90.0 MPH)
Runner from 3rd tags up, SCORES, throw by CF
George McMahon to third
Batting: RHB Robbie Clark 0-0: Ball
1-0: Foul Ball, location: 2F
1-1: Hit by Pitch
Batting: LHB Amani Marwan 0-0: Foul Ball, location: 2F
0-1: Fly out, F8 (Flyball, 8LD, EV 75.6 MPH)
Bottom of the 4th over - 1 run, 0 hits, 0 errors, 2 left on base; Kingston 6 - Columbia 2
TOP OF THE 5TH
Kingston Mangos batting - Pitching for Columbia River Rats : RHP Rijk Blok
Batting: LHB Rodger Parsons 0-0: Called Strike
0-1: Called Strike
0-2: Strikes out looking
Batting: LHB Sergio Rivera 0-0: Swinging Strike
0-1: Ball
1-1: Swinging Strike
1-2: Strikes out swinging
Batting: RHB Kung Wa 0-0: Called Strike
0-1: Swinging Strike
0-2: Foul Ball, location: 2F
0-2: Ball
1-2: Ball
2-2: Strikes out swinging
Top of the 5th over - 0 runs, 0 hits, 0 errors, 0 left on base; Kingston 6 - Columbia 2
BOTTOM OF THE 5TH
Columbia River Rats batting - Pitching for Kingston Mangos : RHP Vicente Castro
Batting: RHB Guillermo Alemán 0-0: Ball
1-0: Foul Ball, location: 2F
1-1: Foul Ball, location: 2F
1-2: Ball
2-2: SINGLE (Line Drive, 78S, EV 90.0 MPH)
Batting: LHB Puck Broekhuizen 0-0: Ball
1-0: Swinging Strike
1-1: Swinging Strike
1-2: Foul Ball, location: 2F
1-2: Strikes out swinging
Batting: RHB Gregor Lennox 0-0: Ball
1-0: Fly out, F9 (Flyball, 9S, EV 83.8 MPH)
Batting: RHB Wu-ji Hsia 0-0: Ball
Guillermo Alemán steals 2nd base
1-0: Called Strike
1-1: SINGLE (Groundball, 34D, EV 103.1 MPH)
Guillermo Alemán to third
Runner from 3rd tries for Home, SAFE, throw by RF to home
Batting: SHB George McMahon 0-0: Ball
1-0: Ball
2-0: Foul Ball, location: 2F
2-1: Swinging Strike
2-2: Foul Ball, location: 2F
2-2: Foul Ball, location: 2F
2-2: Ground out 4-3 (Groundball, 4, EV 80.0 MPH)
Bottom of the 5th over - 1 run, 2 hits, 0 errors, 1 left on base; Kingston 6 - Columbia 3
TOP OF THE 6TH
Kingston Mangos batting - Pitching for Columbia River Rats : RHP Rijk Blok
Batting: RHB George Lewis 0-0: Called Strike
0-1: Foul Ball, location: 2F
0-2: Strikes out swinging
Batting: RHB Banu Judham 0-0: Called Strike
0-1: Foul Ball, location: 2F
0-2: Strikes out swinging
Batting: LHB Pikup Andropov 0-0: Called Strike
0-1: Ball
1-1: Foul Ball, location: 2F
1-2: Ball
2-2: Fly out, F9 (Flyball, 89M, EV 85.6 MPH)
Top of the 6th over - 0 runs, 0 hits, 0 errors, 0 left on base; Kingston 6 - Columbia 3
BOTTOM OF THE 6TH
Columbia River Rats batting - Pitching for Kingston Mangos : RHP Vicente Castro
Batting: RHB Fernando Castro 0-0: Ball
1-0: Ground out 1-3 (Groundball, 13S, EV 70.0 MPH)
Batting: RHB Jesús Bonilla 0-0: Ball
1-0: Called Strike
1-1: Ball
2-1: Foul Ball, location: 2F
2-2: Foul Ball, location: 2F
2-2: Ball
3-2: Ground out 5-3 (Groundball, 5L, EV 103.1 MPH)
Batting: RHB Robbie Clark 0-0: Ball
1-0: Called Strike
1-1: Foul Ball, location: 2F
1-2: Foul Ball, location: 2F
1-2: Ground out 1-3 (Groundball, 13, EV 83.1 MPH)
Bottom of the 6th over - 0 runs, 0 hits, 0 errors, 0 left on base; Kingston 6 - Columbia 3
TOP OF THE 7TH
Kingston Mangos batting - Pitching for Columbia River Rats : RHP Rijk Blok
Batting: SHB Miguel Lajara 0-0: Called Strike
0-1: Fly out, F8 (Flyball, 78D, EV 108.8 MPH)
Batting: RHB Harald Tijl 0-0: Called Strike
0-1: Called Strike
0-2: Ground out U3 (Groundball, 34, EV 105.6 MPH)
Batting: LHB Dong-min Ch'oe 0-0: Ball
1-0: Called Strike
1-1: Foul Ball, location: 2F
1-2: Foul Ball, location: 2F
1-2: Ball
2-2: Ball
3-2: Base on Balls
Batting: LHB Rodger Parsons 0-0: Ball
1-0: Ball
2-0: Foul Ball, location: 2F
2-1: Swinging Strike
2-2: Strikes out swinging
Top of the 7th over - 0 runs, 0 hits, 0 errors, 1 left on base; Kingston 6 - Columbia 3
BOTTOM OF THE 7TH
Columbia River Rats batting - Pitching for Kingston Mangos : RHP Vicente Castro
Pitching: RHP Cristián Torres
Batting: LHB Amani Marwan 0-0: Ball
1-0: Called Strike
1-1: Fly out, F3 (Popup, 3F, EV 76.2 MPH)
Batting: RHB Guillermo Alemán 0-0: Called Strike
0-1: Ground out 5-3 (Groundball, 56S, EV 70.0 MPH)
Batting: LHB Puck Broekhuizen 0-0: Called Strike
0-1: Ball
1-1: Foul Ball, location: 2F
1-2: Ball
2-2: Foul Ball, location: 2F
2-2: Foul Ball, location: 2F
2-2: DOUBLE (Line Drive, 5D, EV 100.0 MPH)
Batting: RHB Gregor Lennox 0-0: Called Strike
0-1: Ball
1-1: Fly out, F6 (Popup, 6, EV 56.2 MPH)
Bottom of the 7th over - 0 runs, 1 hit, 0 errors, 1 left on base; Kingston 6 - Columbia 3
TOP OF THE 8TH
Kingston Mangos batting - Pitching for Columbia River Rats : RHP Rijk Blok
Batting: LHB Sergio Rivera 0-0: Called Strike
0-1: Ball
1-1: Ball
2-1: SINGLE (Groundball, 34S, EV 64.4 MPH) (infield hit)
Pitching: RHP Tony Figueroa
Batting: RHB Kung Wa 0-0: Foul Ball, location: 2F
0-1: Fly out, F9 (Flyball, 9, EV 85.0 MPH)
Batting: RHB George Lewis 0-0: Called Strike
0-1: Grounds into double play, 6-4-3 (Groundball, 6, EV 96.9 MPH)
Top of the 8th over - 0 runs, 1 hit, 0 errors, 0 left on base; Kingston 6 - Columbia 3
BOTTOM OF THE 8TH
Columbia River Rats batting - Pitching for Kingston Mangos : RHP Cristián Torres
Batting: RHB Wu-ji Hsia 0-0: Ball
1-0: Ground out 4-3 (Groundball, 34, EV 104.4 MPH)
Batting: SHB George McMahon 0-0: Foul Ball, location: 2F
0-1: Foul Ball, location: 2F
0-2: Strikes out swinging
Batting: RHB Fernando Castro 0-0: Ball
1-0: Foul Ball, location: 2F
1-1: Swinging Strike
1-2: Ground out 1-3 (Groundball, 13S, EV 72.5 MPH)
Bottom of the 8th over - 0 runs, 0 hits, 0 errors, 0 left on base; Kingston 6 - Columbia 3
TOP OF THE 9TH
Kingston Mangos batting - Pitching for Columbia River Rats : RHP Tony Figueroa
Batting: RHB Banu Judham 0-0: Ball
1-0: SINGLE (Line Drive, 56, EV 98.8 MPH)
Batting: LHB Pikup Andropov 0-0: Fly out, F6 (Line Drive, 6, EV 70.0 MPH)
Batting: SHB Miguel Lajara 0-0: Ball
Banu Judham is caught stealing 2nd base 2-6
1-0: Called Strike
1-1: Called Strike
1-2: Strikes out swinging
Top of the 9th over - 0 runs, 1 hit, 0 errors, 0 left on base; Kingston 6 - Columbia 3
BOTTOM OF THE 9TH
Columbia River Rats batting - Pitching for Kingston Mangos : RHP Cristián Torres
Pitching: LHP Keith Stinson
Now in CF: Bob Byrd
Batting: RHB Jesús Bonilla 0-0: Called Strike
0-1: Ball
1-1: Foul Ball, location: 2F
1-2: Fly out, F9 (Flyball, 9LS, EV 91.2 MPH)
Batting: RHB Robbie Clark 0-0: Ball
1-0: Swinging Strike
1-1: Swinging Strike
1-2: Strikes out swinging
Batting: LHB Amani Marwan 0-0: Ground out 4-3 (Groundball, 4, EV 85.6 MPH)
Bottom of the 9th over - 0 runs, 0 hits, 0 errors, 0 left on base; Kingston 6 - Columbia 3
Friday, March 26th, 2021 - OOTP Baseball 20.8 Build 74